 Dungeon Crawl Stone Soup version 0.31.0-9-g3a7656b989 (webtiles) character file.

Game seed: 11538002456925983822

110 qw the Skirmisher (level 4, 0/25 HPs)
             Began as a Deep Elf Hunter on Feb 2, 2024.
             Slain by an orc wizard
             ... wielding a +0 dagger
              (3 damage)
             ... on level 3 of the Dungeon.
             The game lasted 00:00:06 (1743 turns).

qw the Skirmisher (Deep Elf Hunter)                 Turns: 1743, Time: 00:00:07

Health: 0/25       AC:  3    Str: 10    XL:     4   Next: 61%
Magic:  6/6        EV: 12    Int: 14    God:
Gold:   153        SH:  0    Dex: 18    Spells: 3/3 levels left

rFire   . . .        a - +0 shortbow
rCold   . . .        (shield currently unavailable)
rNeg    . . .        c - +0 leather armour
rPois   .            (no helmet)
rElec   .            (no cloak)
rCorr   .            (no gloves)
SInv    .            (no boots)
Will    .....        (no amulet)
Stlth   ++           (no ring)
HPRegen 0.24/turn    (no ring)
MPRegen 0.10/turn

%: no passive effects
@: no status effects
A: no striking features
a: no special abilities


You were on level 3 of the Dungeon.
You visited 1 branch of the dungeon, and saw 3 of its levels.

You collected 153 gold pieces.


   Skills:
 - Level 1.5 Fighting
 + Level 8.0 Ranged Weapons
 - Level 2.4 Dodging
 - Level 1.2 Stealth


You had 3 spell levels left.
You didn't know any spells.
Your spell library was empty.

Inventory:

Hand Weapons
 a - a +0 shortbow (weapon)
Armour
 c - a +0 leather armour (worn)
Potions
 e - a potion of curing

Dungeon Overview and Level Annotations

Branches:
Dungeon (3/15)

Altars:
Wu Jian


Message History

You shoot an arrow. You shoot an arrow. You shoot an arrow. You shoot an arrow.
You shoot an arrow. Something hits you but does no damage.
You shoot an arrow. Something hits you but does no damage.
You shoot an arrow. Something hits you.
You shoot an arrow.
You hear some strange, mumbled words.
Something tries to affect you, but you resist.
You shoot an arrow. Something hits you. x2
You shoot an arrow. Something hits you but does no damage.
You shoot an arrow. Something hits you.
You shoot an arrow. Something hits you.
You shoot an arrow. Something barely misses you.
You shoot an arrow. Something barely misses you.
You shoot an arrow. Something hits you.
You shoot an arrow. Something hits you.
You shoot an arrow.
You hear some strange, mumbled words.
A puff of flame appears from out of thin air!
The puff of flame misses you.
You shoot an arrow. Something hits you but does no damage.
You shoot an arrow. Something hits you.
You shoot an arrow. Something hits you.
You die...

#. #.#
#.#.####.#
.........#
.)......<#
##..###.##
#.. #.# #..
#.#
#####.$###.#
......)@...#
.####.{#####
#!. #...
#... ....
#.... ..8.#


There were no monsters in sight!

Vanquished Creatures
  An orc priest (D:3)
  2 adders (D:2)
  2 ribbon worms (D:2)
  3 orcs (D:3)
  2 endoplasms (D:1)
  3 giant cockroaches
  5 goblins (D:1)
  5 hobgoblins
  2 jackals (D:2)
  7 kobolds
  4 quokkas
  4 ball pythons
  6 bats
  A frilled lizard (D:2)
  2 rats
49 creatures vanquished.

Notes
Turn   | Place    | Note
-------+----------+-------------------------------------------
     0 | D:1      | qw the Deep Elf Hunter began the quest for the Orb.
     0 | D:1      | Reached XP level 1. HP: 12/12 MP: 3/3
     0 | D:1      | 0 ||| qw: Version: 0.3-a-155-g5e7d8dd
     0 | D:1      | 0 ||| qw: Game counter: 517
     0 | D:1      | 0 ||| qw: Melee chars always use a shield: true
     0 | D:1      | 0 ||| qw: God list: Okawaru
     0 | D:1      | 0 ||| qw: Allow faded altars: false
     0 | D:1      | 0 ||| qw: Do Orc after clearing Dungeon:15 true
     0 | D:1      | 0 ||| qw: Do second Lair branch before Depths: true
     0 | D:1      | 0 ||| qw: Lair rune preference: random
     0 | D:1      | 0 ||| qw: Goals: Normal
     0 | D:1      | 0 ||| PLANNING D:1-11
    70 | D:1      | Reached skill level 6 in Ranged Weapons
    70 | D:1      | Reached XP level 2. HP: 16/16 MP: 4/4
   796 | D:1      | 796 ||| READING scroll labelled OFEDELA QARAU.
   797 | D:1      | 797 ||| READING 2 scrolls labelled WOSAEM KUSOHIL.
   798 | D:1      | 798 ||| READING scroll labelled GONEACZUATO.
   798 | D:1      | 798 ||| ENCHANTING +0 shortbow.
   799 | D:1      | 799 ||| DRINKING 2 brown potions.
   800 | D:1      | 800 ||| DROPPING scroll of butterflies.
   801 | D:1      | 801 ||| DROPPING potion of brilliance.
   802 | D:1      | 802 ||| DROPPING scroll of revelation.
   937 | D:2      | Reached XP level 3. HP: 18/20 MP: 5/5
  1004 | D:2      | Reached skill level 7 in Ranged Weapons
  1380 | D:2      | Reached XP level 4. HP: 25/25 MP: 6/6
  1401 | D:2      | Found an ornate altar of the Wu Jian Council.
  1667 | D:2      | 1667 ||| READING scroll labelled ESHYLA KIXI.
  1668 | D:2      | 1668 ||| READING scroll labelled CIETUU YDGHINN.
  1669 | D:2      | 1669 ||| READING scroll labelled FUT FAFERONUUS.
  1669 | D:2      | 1669 ||| IDENTIFYING blue potion
  1670 | D:2      | 1670 ||| DRINKING 2 glowing silvery potions.
  1701 | D:3      | 1701 ||| RETREEEEATING.
  1717 | D:3      | HP: 5/25 [orc priest/nerve-wracking pain (3)]
  1718 | D:3      | 1718 ||| DRINKING potion of heal wounds.
  1722 | D:3      | Reached skill level 8 in Ranged Weapons
  1735 | D:3      | HP: 4/25 [something (3)]
  1742 | D:3      | HP: 2/25 [something (1)]
  1743 | D:3      | Slain by an orc wizard

Levels and vault maps discovered:
D:1:      saegor_arrival_simple_e, layout_basic, chequers_decorated_corner
D:2:      layout_basic, basic_altar
D:3:      layout_loops_ring, bloody_makhleb, shapermc_ecumenical_altar_pompeii,
          small_statue_intersection

Skill      XL: |  1  2  3  4 |
---------------+-------------+-----
Ranged Weapons | 6 7 8 |  8.0
Fighting       | |  1.5
Dodging        | |  2.4
Stealth        | |  1.2

Action                     |  1- 3 |  4- 6 || total
---------------------------+-------+-------++-------
   Fire: Shortbow          |   134 |    57 ||   191
    Use: Scroll            |     3 |     3 ||     6
         Potion            |     1 |     2 ||     3
 Armour: Leather armour    |    32 |    30 ||    62
  Dodge: Dodged            |    22 |    22 ||    44

Table legend:
 A = Non-vault XP
 B = Vault XP
 C = Vault XP percentage of total XP
 D = Non-vault monster count
 E = Vault monster count
 F = Vault count percentage of total count
                 A         B        C        D         E       F
            +---------+---------+-------+---------+---------+-------
      Total |     158 |       0 |   0.0 |      49 |       0 |   0.0
            +---------+---------+-------+---------+---------+-------
        D:1 |      35 |       0 |   0.0 |      19 |       0 |   0.0
        D:2 |      67 |       0 |   0.0 |      24 |       0 |   0.0
        D:3 |      56 |       0 |   0.0 |       6 |       0 |   0.0
            +---------+---------+-------+---------+---------+-------
